 Dungeon Crawl Stone Soup version 0.17.1-2-g5865329 (webtiles) character file.

46 ololoev the Chopper (level 3, -2/43 HPs)
             Began as a Demonspawn Berserker on Jan 21, 2016.
             Was a Follower of Trog.
             Slain by a quokka (3 damage)
             ... on level 2 of the Dungeon.
             The game lasted 00:01:51 (238 turns).

ololoev the Chopper (Demonspawn Berserker)           Turns: 238, Time: 00:01:51

Health: -2/43      AC:  3    Str: 23    XL:     3   Next: 46%
Magic:  3/3        EV: 12    Int:  8    God:    Trog [*.....]
Gold:   21         SH:  0    Dex: 12    Spells: 0 memorised, 2 levels left

rFire  . . .     SeeInvis .     a - +0 hand axe
rCold  . . .     Clarity  .     b - +0 animal skin
rNeg   . . .     SustAt   .     (no shield)
rPois  .         Gourm    .     (no helmet)
rElec  .         Spirit   .     (no cloak)
rCorr  .         Warding  .     (no gloves)
rMut   .         Stasis   .     h - +0 pair of boots
MR     .....                    (no amulet)
Stlth  ..........               (no ring)
                                (no ring)

@: berserking, very quick, not resistant to hostile enchantments, extremely
unstealthy
A: talons 1
a: Berserk, Burn Spellbooks, Renounce Religion


Innate Abilities, Weirdness & Mutations

You have sharp toenails.

Inventory:

Hand Weapons
 a - a +0 hand axe (weapon)
Armour
 b - a +0 animal skin (worn)
 h - a +0 pair of boots (worn)
Scrolls
 d - 2 scrolls of random uselessness {unknown}
 i - a scroll of identify {unknown}
 j - a scroll of recharging {unknown}
Potions
 e - a potion of cure mutation {unknown}
Comestibles
 c - a bread ration
 f - a beef jerky
 g - 2 chunks of flesh


   Skills:
 - Level 3.0 Fighting
 * Level 3.7 Axes
 + Level 2.4 Armour
 - Level 1.7 Dodging


You had 2 spell levels left.
You didn't know any spells.


You were on level 2 of the Dungeon.
You worshipped Trog.
Trog was aware of your devotion.
You were not hungry.

You visited 1 branch of the dungeon, and saw 2 of its levels.

You collected 21 gold pieces.

#####'#......#
#.#.#.####
#.#.#.# #.#.# #
..#<# #####
#####.######...
.........
.......r# #@#
#.# ..# ####

Notes
Turn   | Place    | Note
--------------------------------------------------------------
     0 | D:1      | ololoev the Demonspawn Berserker began the quest for the Orb.
     0 | D:1      | Reached XP level 1. HP: 18/18 MP: 1/1
   139 | D:2      | Gained mutation: You have sharp toenails. [demonic ancestry]
   139 | D:2      | Reached XP level 2. HP: 24/24 MP: 2/2
   180 | D:2      | Noticed Natasha
   187 | D:2      | Killed Natasha
   187 | D:2      | Reached XP level 3. HP: 10/29 MP: 3/3
   237 | D:2      | HP: 1/29 [quokka (5)]
   238 | D:2      | Slain by a quokka

Dungeon Overview and Level Annotations

Branches:
Dungeon (2/15)

Altars:


Message History

The kobold is heavily wounded.
The kobold closely misses you. x2
You hit the kobold but do no damage.
The kobold is heavily wounded.
The kobold closely misses you. The kobold hits you.
You barely miss the kobold.
The kobold is heavily wounded.
You feel yourself speed up. The kobold misses you.
You hit the kobold.
You kill the kobold!
Trog accepts your kill.
Found 14 gold pieces and a scroll labeled JOANGAVUGO.
Found a stone staircase leading down.
Things that are here:
a kobold corpse; a giant cockroach corpse A hobgoblin comes into view.
It is wielding a club.
Found 13 stones.
You see here 14 gold pieces.
You feel less exhausted.
You see here a scroll labeled JOANGAVUGO.
j - a scroll labeled JOANGAVUGO The hobgoblin closely misses you.
You hit the hobgoblin.
You kill the hobgoblin!
Trog accepts your kill.
You see here a club.
You now have 21 gold pieces (gained 14).
There is a stone staircase leading down here.
You climb downwards.
A quokka comes into view.
The quokka bites you but does no damage.
The quokka bites you.
There is a stone staircase leading up here.
You closely miss the quokka. The quokka bites you.
Use which ability? (? or * to list)
A red film seems to cover your vision as you go berserk!
You feel yourself moving faster!
You feel mighty!
You feel somewhat more hungry. The quokka bites you.
You die...

You could see a quokka.

Vanquished Creatures
  Natasha (D:2)
  An adder (D:2)
  An ooze (D:1)
  4 giant cockroaches
  A hobgoblin (D:1)
  2 kobolds
  A rat (D:1)
11 creatures vanquished.

Action                   || total
-------------------------++-------
Melee: Hand axe          ||    36
Invok: Berserk           ||     3
 Stab: Sleeping          ||     2

Vault maps used:
D:1:      onia_arrival_handbag, st_stairs_13
D:2:      nicolae_ashenzari_panopticon, serial_bayou_pond_a, uniq_natasha
